 Dungeon Crawl Stone Soup version 0.25-a0-663-gace7076 (webtiles) character file.

Game seed: 81395468922261771, levelgen mode: deterministic

755 MrTaco21 the Basher (level 7, 0/41 HPs)
             Began as a Gargoyle Fighter on Mar 24, 2020.
             Was an Initiate of Qazlal.
             Slain by Eustachio
             ... wielding a +0 rapier
              (2 damage)
             ... on level 5 of the Dungeon.
             The game lasted 00:05:57 (3708 turns).

MrTaco21 the Basher (Gargoyle Fighter)              Turns: 3708, Time: 00:05:58

Health: 0/41       AC: 14    Str: 22    XL:     7   Next: 79%
Magic:  7/7        EV:  7    Int:  8    God:    Qazlal [......]
Gold:   187        SH:  9    Dex:  9    Spells: 6/6 levels left

rFire    + . .     SeeInvis .   s - +0 morningstar
rCold    + . .     Gourm    .   c - +0 kite shield
rNeg     + . .     Faith    .   b - +0 scale mail
rPois    ∞         Spirit   .   (no helmet)
rElec    +         Reflect  .   v - scarf {rC+ rF+}
rCorr    .         Harm     .   p - +0 pair of gloves
MR       .....                  (no boots)
Stlth    +.........             (no amulet)
HPRegen  0.13/turn              i - +2 ring of protection
MPRegen  0.10/turn              l - ring of stealth

@: no status effects
A: negative energy resistance 1, electricity resistance, unbreathing,
petrification resistance, rot immunity, AC +4
a: Renounce Religion


You were on level 5 of the Dungeon.
You worshipped Qazlal.
Qazlal was noncommittal.
You were not hungry.

You visited 2 branches of the dungeon, and saw 6 of its levels.

You collected 187 gold pieces.

Inventory:

Hand Weapons
 s - a +0 morningstar (weapon)
   (You took it off a goblin on level 2 of the Dungeon)
Missiles
 a - 19 poisoned darts (quivered)
Armour
 b - a +0 scale mail (worn)
 c - a +0 kite shield (worn)
 p - a +0 pair of gloves (worn)
   (You found it on level 2 of the Dungeon)
 u - a +0 chain mail
   (You took it off an orc on level 3 of the Dungeon)
 v - a scarf of resistance (worn)
   (You found it on level 4 of the Dungeon)
Jewellery
 i - a +2 ring of protection (left hand)
   (You found it on level 1 of the Dungeon)
 l - a ring of stealth (right hand)
   (You found it on level 2 of the Dungeon)
Scrolls
 g - 3 scrolls of amnesia {unknown}
 j - 2 scrolls of teleportation {unknown}
 k - 4 scrolls of enchant armour {unknown}
 o - a scroll of blinking {unknown}
 r - 4 scrolls of identify {unknown}
 t - a scroll of fog {unknown}
 x - a scroll of remove curse {unknown}
Potions
 d - a potion of might
 f - a potion of curing {unknown}
 h - 2 potions of degeneration {unknown}
 m - a potion of heal wounds {unknown}
 n - a potion of cancellation {unknown}
 q - 2 potions of haste {unknown}
 w - a potion of lignification {unknown}
 A - a potion of resistance
Comestibles
 e - 8 rations {!d}
 z - 4 chunks of flesh


   Skills:
 - Level 3.2 Fighting
 + Level 8.6 Maces & Flails
 - Level 3.2 Armour
 - Level 3.2 Shields


You had 6 spell levels left.
You didn't know any spells.
Your spell library was empty.

Dungeon Overview and Level Annotations

Branches:
Dungeon (5/15)             Temple (1/1) D:4

Altars:
Ashenzari
Dithmenos
Elyvilon
Fedhas
Gozag
Hepliaklqana
Nemelex Xobeh
Okawaru
Qazlal
Ru
Sif Muna
Vehumet
Yredelemnul
Zin

Annotations:
D:5 Eustachio


Innate Abilities, Weirdness & Mutations

You are resistant to torment.
Your stone body is resilient. (AC +4)
You are immune to poison.
You resist negative energy. (rN+)
You are resistant to electric shocks. (rElec)
You can survive without breathing.
You are immune to petrification.
You are immune to rotting.


Message History

The fire bat bites you but does no damage. x2
The adder hisses angrily.
You block the fire bat's attack.
The fire bat bites you but does no damage.
You see here 5 gold pieces.
The fire bat bites you but does no damage.
The fire bat closely misses you.
Found a morningstar.
There is a transporter here.
The fire bat bites you.
* * * LOW HITPOINT WARNING * * *
You are engulfed in flames.
You resist.
* * * LOW HITPOINT WARNING * * *
The fire bat bites you but does no damage.
You see here 14 gold pieces.
The fire bat bites you but does no damage. x2
You see here 10 gold pieces.
The fire bat bites you but does no damage.
You block the fire bat's attack.
You see here a ration {!d}.
The fire bat barely misses you. You block the fire bat's attack.
There is a transporter here.
You enter the transporter and appear at another place.
An ice beast comes into view.
The fire bat bites you.
* * * LOW HITPOINT WARNING * * *
You are engulfed in flames.
You resist.
* * * LOW HITPOINT WARNING * * *
The worker ant bites you.
* * * LOW HITPOINT WARNING * * *
The adder bites you.
* * * LOW HITPOINT WARNING * * *
You block the worker ant's attack.
Eustachio casts a spell.
The bat hits you but does no damage.
The fire bat bites you but does no damage.
You block the bat's attack. The fire bat bites you.
* * * LOW HITPOINT WARNING * * *
You are engulfed in flames.
You resist.
* * * LOW HITPOINT WARNING * * *
The adder bites you but does no damage. You block the worker ant's attack.
The rat bites you but does no damage. The bat hits you but does no damage.
Eustachio mumbles some strange words.
The bat hits you but does no damage.
You barely miss the adder.
The bat disappears in a puff of smoke! x2
The fire bat barely misses you. The adder bites you but does no damage.
The worker ant bites you but does no damage.
You block the adder's attack. The rat bites you but does no damage.
You block the rat's attack. Eustachio hits you with a +0 rapier.
You die...

.# ##.# # ....
# .... #..# ..
.)... #..###...
#.#.#
....###..#Y....
#...(
.......§r%.# ..
###.#
#b..S@r###...
#..#ar@.r...#
###########.#
#○°○$b(○☼○#
#°☼○$%$°○☼#
#°☼....☼☼○#
#○○☼○○°°☼○#
####☼○.○○☼○○°#
###
#..####○○'####


You could see Eustachio, an ice beast, 2 fire bats, a worker ant, an adder, a
river rat and 3 rats.

Vanquished Creatures
  Sigmund (D:2)
  An ice beast (D:5)
  2 phantoms (D:4)
  An ogre (D:5)
  A scorpion (D:4)
  An iguana (D:4)
  2 gnolls (D:2)
  5 adders
  An adder skeleton (D:4)
  A worm (D:2)
  2 dart slugs
  5 leopard geckos
  6 orcs
  A ball python (D:3)
  4 giant cockroaches
  10 goblins
  10 hobgoblins
  7 jackals
  5 quokkas
  9 bats
  7 frilled lizards
  A jackal skeleton (D:4)
  8 kobolds
  A leopard gecko skeleton (D:4)
  5 rats
  2 plants (D:2)
99 creatures vanquished.

Vanquished Creatures (others)
  A plant (D:2)
1 creature vanquished.

Grand Total: 100 creatures vanquished

Notes
Turn   | Place    | Note
-------+----------+-------------------------------------------
     0 | D:1      | MrTaco21 the Gargoyle Fighter began the quest for the Orb.
     0 | D:1      | Reached XP level 1. HP: 14/14 MP: 1/1
   164 | D:1      | Reached XP level 2. HP: 19/19 MP: 2/2
   447 | D:1      | Reached skill level 3 in Maces & Flails
  1009 | D:1      | Reached XP level 3. HP: 23/23 MP: 3/3
  1093 | D:2      | Noticed Sigmund
  1495 | D:2      | Reached skill level 4 in Maces & Flails
  1503 | D:2      | Found a blossoming altar of Fedhas.
  1517 | D:2      | Reached XP level 4. HP: 28/28 MP: 4/4
  1781 | D:2      | Killed Sigmund
  1781 | D:2      | Reached skill level 6 in Maces & Flails
  1781 | D:2      | Reached XP level 5. HP: 26/32 MP: 5/5
  1781 | D:2      | Reached XP level 6. HP: 31/37 MP: 6/6
  2001 | D:2      | Found a sacrificial altar of Ru.
  2598 | D:3      | Found a radiant altar of Vehumet.
  2750 | D:4      | Found a shadowy altar of Dithmenos.
  2762 | D:4      | Noticed a phantom
  2855 | D:4      | Reached skill level 7 in Maces & Flails
  2863 | D:4      | Noticed a phantom
  2895 | D:4      | Killed a phantom
  2895 | D:4      | Reached XP level 7. HP: 33/41 MP: 7/7
  2972 | D:4      | Found a shattered altar of Ashenzari.
  3176 | D:4      | Found a staircase to the Ecumenical Temple.
  3382 | Temple   | Entered the Ecumenical Temple
  3507 | Temple   | Became a worshipper of Qazlal Stormbringer
  3526 | D:5      | Entered Level 5 of the Dungeon
  3620 | D:5      | Reached skill level 8 in Maces & Flails
  3674 | D:5      | Found a transporter.
  3692 | D:5      | Found a transporter.
  3692 | D:5      | Noticed a fire bat
  3693 | D:5      | Noticed a fire bat
  3698 | D:5      | Noticed Eustachio
  3707 | D:5      | HP: 2/41 [fire bat (2)]
  3708 | D:5      | Slain by Eustachio

Levels and vault maps discovered:
D:1:      sevenhm_arrival_forest_fort_small_3, layout_basic,
          kennysheep_minor_cross, chequers_serial_rivers_room_a,
          kennysheep_flooded_box, serial_bayou_lake_a
D:2:      wad_woods_stonehenge, layout_rooms, nicolae_ru_the_path_less_chosen,
          first_ration, uniq_sigmund
D:3:      layout_rooms, vehumet_crystals
D:4:      layout_basic, grunt_dithmenos_smoke_and_mirrors,
          minmay_temple_entry_glass, ashenzari_altar_1
D:5:      gammafunk_cloud_chamber, layout_loops_cross, lemuel_doored_altar,
          minmay_door_square, uniq_eustachio
Temple:   nicolae_temple_figure_zero

Skill      XL: |  1  2  3  4  5  6  7 |
---------------+----------------------+-----
Maces & Flails | 3 4 6 7 8 |  8.6
Fighting       | |  3.2
Armour         | |  3.2
Shields        | |  3.2

Action                   |  1- 3 |  4- 6 |  7- 9 || total
-------------------------+-------+-------+-------++-------
Melee: Flail             |   128 |    76 |       ||   204
       Morningstar       |       |   186 |    53 ||   239
  Eat: Chunk             |     2 |     5 |     3 ||    10
Armor: Scale mail        |    89 |   132 |    39 ||   260
Dodge: Dodged            |    49 |    70 |    15 ||   134
Block: Kite shield       |    85 |   134 |    27 ||   246

Table legend:
 A = Non-vault XP
 B = Vault XP
 C = Vault XP percentage of total XP
 D = Non-vault monster count
 E = Vault monster count
 F = Vault count percentage of total count
                 A         B        C        D         E       F
            +---------+---------+-------+---------+---------+-------
      Total |     807 |     272 |  25.2 |      88 |       9 |   9.3
            +---------+---------+-------+---------+---------+-------
        D:1 |      37 |       2 |   5.1 |      22 |       1 |   4.3
        D:2 |      49 |     270 |  84.6 |      15 |       8 |  34.8
        D:3 |      91 |       0 |   0.0 |      34 |       0 |   0.0
        D:4 |     383 |       0 |   0.0 |      14 |       0 |   0.0
        D:5 |     247 |       0 |   0.0 |       3 |       0 |   0.0
            +---------+---------+-------+---------+---------+-------
